 Dungeon Crawl Stone Soup version 0.28-a0-1510-gd0f6b136d3 (webtiles) character file.

Game seed: 9048533265266943914

1148 pokeman the Thaumaturge (level 8, 0/44 HPs)
             Began as a Deep Elf Hedge Wizard on Jan 15, 2022.
             Was an Initiate of Vehumet.
             Killed from afar by Maggie (25 damage)
             ... with a bolt of fire
             ... on level 6 of the Dungeon.
             The game lasted 00:11:01 (5197 turns).

pokeman the Thaumaturge (Deep Elf Hedge Wizard)     Turns: 5197, Time: 00:11:03

Health: 0/44       AC:  4    Str:  7    XL:     8   Next: 15%
Magic:  6/23       EV: 12    Int: 22    God:    Vehumet [......]
Gold:   190        SH:  0    Dex: 18    Spells: 14/25 levels left

rFire   . . .      SeeInvis .   i - +9 short sword "Anujin" {pain, rN++ Dex+4}
rCold   . . .      Faith    .   (no shield)
rNeg    + + +      Spirit   .   v - +0 leather armour
rPois   .          Reflect  .   c - +0 hat
rElec   .          Harm     .   (no cloak)
rCorr   .          Rampage  .   b - +0 pair of gloves
Will    .....                   (no boots)
Stlth   ++........              e - amulet of regeneration
HPRegen 0.94/turn               m - ring of positive energy
MPRegen 0.18/turn               (no ring)

@: no status effects
A: no striking features
a: Renounce Religion


You were on level 6 of the Dungeon.
You worshipped Vehumet.
Vehumet was noncommittal.
You visited 2 branches of the dungeon, and saw 7 of its levels.
You also visited: Sewer.

You collected 238 gold pieces.
You spent 48 gold pieces at shops.

Inventory:

Hand Weapons
 h - a +2 spear of venom
 i - the +9 short sword "Anujin" (weapon) {pain, rN++ Dex+4}
   (You found it on level 2 of the Dungeon)

   In the hands of one skilled in necromantic magic, it inflicts extra damage on
   living creatures.
   Dex:       It affects your dexterity (+4).
   rN:        It greatly protects you from negative energy.
Missiles
 k - 86 bolts
 r - 54 arrows
Armour
 b - a +0 pair of gloves (worn)
 c - a +0 hat (worn)
 v - a +0 leather armour (worn)
Magical Staves
 g - a staff of conjuration
Jewellery
 e - an amulet of regeneration (around neck)
 m - a ring of positive energy (left hand)
Scrolls
 f - 3 scrolls of teleportation {unknown}
 n - 2 scrolls of blinking {unknown}
 p - a scroll of enchant weapon {unknown}
 q - a scroll of fog {unknown}
 s - a scroll of noise {unknown}
 u - 3 scrolls of identify {unknown}
 y - a scroll of acquirement {unknown}
Potions
 a - 4 potions of resistance {unknown}
 d - a potion of flight {unknown}
 j - a potion of mutation {unknown}
 l - a potion of haste {unknown}
 o - 2 potions of lignification {unknown}
 t - a potion of curing
 w - a potion of cancellation {unknown}
 x - a potion of magic {unknown}


   Skills:
 - Level 2.1 Fighting
 + Level 1.8 Armour
 - Level 3.3 Dodging
 - Level 3.1 Stealth
 * Level 9.1 Spellcasting
 + Level 4.7 Conjurations
 - Level 1.1 Summonings
 - Level 1.0 Necromancy
 - Level 1.1 Translocations
 + Level 3.3 Fire Magic
 - Level 1.0 Air Magic
 - Level 1.0 Poison Magic


You had 14 spell levels left.
You knew the following spells:

 Your Spells              Type           Power      Damage    Failure   Level
a - Magic Dart            Conj           100%       1d8       1%          1
b - Mephitic Cloud        Conj/Pois/Air  20%        N/A       12%         3
c - Call Imp              Summ           14%        N/A       10%         2
d - Blink                 Tloc           28%        N/A       10%         2
e - Conjure Flame         Conj/Fire      27%        6-21      5%          3

Your spell library contained the following spells:

 Spells                   Type           Power      Damage    Failure   Level
 Searing Ray              Conj           60%        2d6       1%          2
 Slow                     Hex            40%        N/A       10%         1
 Fulminant Prism          Conj/Hex       10%        3d9       36%         4


Dungeon Overview and Level Annotations

Branches:
Dungeon (6/15)             Temple (1/1) D:5           Sewer (visited)

Altars:
Fedhas
Kikubaaqudgha
Makhleb
Qazlal
Uskayaw
Vehumet
Wu Jian
Xom
Yredelemnul
Zin
The Shining One

Shops:
D:3 !*   D:6 =

Annotations:
D:6 Maggie


Message History

Maggie mumbles some strange words.
Maggie attempts to bespell you! You resist with some effort.
You swap places.
Unknown command.
Casting: Call Imp (safe; 10% risk of failure)
Confirm with . or Enter, or press ? or * to list all spells.
You feel a surge of power!
The fire begins to smoulder!
Unknown command.
The fire ignites!
Casting: Conjure Flame (dangerous; 5% risk of failure)
Confirm with . or Enter, or press ? or * to list all spells.
You feel a surge of power!
The fire begins to smoulder!
Unknown command.
Maggie hits your crimson imp with a +0 scimitar of draining!
Your crimson imp hits Maggie but does no damage.
The fire ignites!
Maggie completely misses your crimson imp.
Your crimson imp closely misses Maggie.
Maggie casts a spell at you. The bolt of fire hits your crimson imp.
Your crimson imp completely resists.
The bolt of fire misses you.
Your crimson imp blinks!
You feel agile. Pain shudders through your arm!
i - the +9 short sword "Anujin" (weapon)
{pain, rN++ Dex+4} Maggie is engulfed in blazing flames.
Maggie points at you and mumbles some strange words.
The bolt of fire hits you!! The bolt of fire hits your crimson imp.
Your crimson imp completely resists.
Your magical contamination has completely faded away.
Unknown command.
Maggie is engulfed in blazing flames.
You hit Maggie.
Maggie writhes in agony.
Maggie is heavily wounded.
Maggie is engulfed in blazing flames.
Maggie casts a spell at you. The bolt of fire hits you!!
Ouch! That really hurt!
You die...

#8.@. #8..
#.##..###
#$....(.#####.#
#######.#.....#
#.†.@.....#
#§###.#.#.# #@#
#.#.#
#@###.#.#.###
#.........)..
#5###.###.#..
#.# #.# #..#
#.###.###.#..#
#.....)...#..#
#.###.#####..#
#.....# #..#
#..#### #.>#


You could see Maggie (ally target) and a friendly crimson imp (summoned).

Vanquished Creatures
  An ogre (D:4)
  A black bear (D:5)
  A necrophage (D:4)
  A sky beast (D:5)
  2 phantoms (D:5)
  A bullfrog (D:6)
  2 scorpions
  A howler monkey (D:5)
  A centaur skeleton (D:4)
  A jelly (D:4)
  A gnoll shaman (D:5)
  3 iguanas
  A hell rat (Sewer)
  2 orc wizards
  A hound skeleton (D:5)
  3 gnolls (D:5)
  A river rat (Sewer)
  5 adders
  2 shadow imps
  2 adder zombies
  2 worms
  2 dart slugs
  6 orcs
  A ball python (D:2)
  2 endoplasms
  5 giant cockroaches
  5 goblins
  5 hobgoblins (D:1)
  11 kobolds
  5 quokkas
  3 bats
  2 frilled lizards
  11 rats
93 creatures vanquished.

Notes
Turn   | Place    | Note
-------+----------+-------------------------------------------
     0 | D:1      | pokeman the Deep Elf Hedge Wizard began the quest for the
                  | Orb.
     0 | D:1      | Reached XP level 1. HP: 10/10 MP: 7/7
   173 | D:1      | Found a faded altar of an unknown god.
   406 | D:1      | Reached XP level 2. HP: 16/16 MP: 4/9
  1286 | D:2      | Found a hide-covered altar of Uskayaw.
  1364 | D:2      | Reached skill level 5 in Spellcasting
  1364 | D:2      | Reached XP level 3. HP: 20/20 MP: 6/11
  1371 | D:2      | Learned a level 3 spell: Mephitic Cloud
  1374 | D:2      | Learned a level 2 spell: Call Imp
  1377 | D:2      | Learned a level 2 spell: Blink
  1381 | D:2      | Learned a level 3 spell: Conjure Flame
  1384 | D:2      | Identified the +9 short sword "Anujin" {pain, rN++ Dex+4}
  1804 | D:2      | You fall into a shaft and drop 1 floor!
  1818 | D:3      | Found Kopn's General Store.
  1826 | D:3      | Reached skill level 1 in Fighting
  1826 | D:3      | Reached skill level 1 in Armour
  1835 | D:3      | Reached XP level 4. HP: 25/25 MP: 5/13
  1883 | D:3      | Found Denyar's Distillery.
  1902 | D:3      | Found a glowing drain.
  1906 | Sewer    | Entered a sewer
  2188 | D:3      | Reached skill level 1 in Necromancy
  2560 | D:3      | Found a basalt altar of Yredelemnul.
  2625 | D:3      | Bought a potion of curing for 36 gold pieces
  2625 | D:3      | Bought a potion of degeneration for 12 gold pieces
  2873 | D:3      | Reached skill level 6 in Spellcasting
  3066 | D:4      | Noticed an ogre
  3078 | D:4      | Killed an ogre
  3079 | D:4      | Reached skill level 1 in Fire Magic
  3079 | D:4      | Reached XP level 5. HP: 29/29 MP: 1/16
  3399 | D:4      | Reached XP level 6. HP: 32/34 MP: 12/17
  3522 | D:4      | Reached skill level 1 in Air Magic
  3780 | D:4      | Found a stormy altar of Qazlal.
  3805 | D:4      | Reached skill level 7 in Spellcasting
  3981 | D:4      | Reached skill level 1 in Poison Magic
  4110 | D:4      | Reached XP level 7. HP: 38/38 MP: 3/20
  4263 | D:5      | Entered Level 5 of the Dungeon
  4354 | D:5      | Reached skill level 8 in Spellcasting
  4560 | D:5      | Found an ancient bone altar of Kikubaaqudgha.
  4896 | D:5      | Reached XP level 8. HP: 41/44 MP: 17/22
  4933 | D:5      | Found a staircase to the Ecumenical Temple.
  4942 | Temple   | Entered the Ecumenical Temple
  4973 | Temple   | Became a worshipper of Vehumet
  5051 | D:5      | Reached skill level 9 in Spellcasting
  5110 | D:6      | Found Maniq's Jewellery Shoppe.
  5169 | D:6      | Noticed Maggie
  5197 | D:6      | Killed from afar by Maggie

Illustrated notes

Levels and vault maps discovered:
D:1:      shiori_angband_town, layout_loops_ring, ebering_ecumenical_altar_box
D:2:      layout_basic, basic_altar
D:3:      layout_loops_ring, yredelemnul_altar_generic, serial_shops, shop,
          shop, gup_sewer_entry_bowl
D:4:      layout_rooms, grunt_qazlal_sundering, minmay_misc_feat_rugged,
          minmay_misc_feat_hallway, minmay_divided_ellipse
D:5:      layout_rooms, kiku_gazebo_pond_becter, minmay_temple_entry_junction
D:6:      layout_loops_ring, nicolae_dithmenos_through_a_glass_darkly,
          minitemple, serial_shops, nicolae_shop_trees, shop,
          nicolae_diamond_shop, nicolae_shop_window_shopping, uniq_maggie,
          uniq_blork_the_orc
Temple:   nicolae_temple_great_sept

Skill      XL: |  1  2  3  4  5  6  7  8 |
---------------+-------------------------+-----
Spellcasting   | 5 6 7 8 9 |  9.1
Fighting       | 1 2 |  2.1
Armour         | 1 |  1.8
Conjurations   | 2 3 4 |  4.7
Necromancy     | 1 |  1.0
Dodging        | 3 |  3.3
Fire Magic     | 1 3 |  3.3
Air Magic      | 1 |  1.0
Stealth        | 3 |  3.1
Poison Magic   | 1 |  1.0
Summonings     | |  1.1
Translocations | |  1.1

Action                   |  1- 3 |  4- 6 |  7- 9 || total
-------------------------+-------+-------+-------++-------
Melee: Dagger            |     5 |       |       ||     5
       Short sword       |     4 |    35 |    12 ||    51
 Cast: Magic Dart        |    75 |    97 |    83 ||   255
       Mephitic Cloud    |     2 |     5 |     1 ||     8
       Conjure Flame     |       |     2 |     7 ||     9
       Call Imp          |       |     1 |     1 ||     2
 Stab: Sleeping          |     1 |     1 |       ||     2
       Confused          |     1 |     1 |       ||     2
Armor: Robe              |     5 |     7 |       ||    12
       Leather armour    |       |     3 |     7 ||    10
Dodge: Dodged            |    11 |    23 |    17 ||    51

Table legend: (Time is in decaauts)
 A = Elapsed time spent in this place.
 B = Non-inter-level travel time spent in this place.
 C = Inter-level travel time spent in this place.
 D = Time resting spent in this place.
 E = Time spent auto-exploring this place.
 F = Levels seen in this place.
 G = Mean time per level.
                   A        B        C        D        E       F      G
               +--------+--------+--------+--------+--------+-----+--------+
         Total |   5216 |   5071 |    145 |      0 |   4248 |   8 |  652.0 |
       Dungeon |   4929 |   4795 |    134 |      0 |   4035 |   6 |  821.5 |
        Temple |     43 |     32 |     11 |      0 |     20 |   1 |   43.0 |
         Sewer |    243 |    243 |      0 |      0 |    193 |   1 |  243.0 |
               +--------+--------+--------+--------+--------+-----+--------+

Top non-repeatable levels by time:
     D:4: 1257 daAuts
     D:1: 1246 daAuts
     D:2: 889 daAuts
     D:5: 804 daAuts
     D:3: 646 daAuts
   Sewer: 243 daAuts
     D:6: 85 daAuts
  Temple: 43 daAuts
